Cogmind - Beta 13 @@@ ROGUE MODE // 2024.04.08 @ 16:27:32 Player: Ivanna Dostya Result: Destroyed by D-53 Grenadier with Mini Grenade Launcher Performance ------------- Evolutions (0) 0 Regions Visited (4) 800 Robots Destroyed (10) 50 Value Destroyed (179) 179 Prototype IDs (23) 460 Alien Tech Used (0) 0 Bonus (248) 248 TOTAL SCORE: 1737 Bonus ------- Aligned with FarCom 300 Friendly Fire -52 Cogmind --------- Core Integrity 0/250 Matter 255/300 Energy 99/100 System Corruption 8% Temperature Cool (0) Movement Core (350) Ox6 Location -9/Mines Parts ------- > --- POWER (1) -------- (None) > --- PROPULSION (2) --- (None) > --- UTILITY (2) ------ Medium Storage Unit > --- WEAPON (2) ------- Guided Plasma Cannon > --- INVENTORY (10) --- Makeshift Power Source Aluminum Leg Wheel Compact Wheel Small Storage Unit Improved Terrain Scanner Seismic Detector Small Laser Assault Rifle Assault Rifle Peak State ------------ > --- POWER ------------ Light Angular Momentum Engine > --- PROPULSION ------- Aluminum Leg Aluminum Leg > --- UTILITY ---------- Medium Storage Unit Sensor Array > --- WEAPON ----------- Guided Plasma Cannon Assault Rifle > --- INVENTORY -------- Makeshift Power Source Aluminum Leg Wheel Compact Wheel Small Storage Unit Improved Terrain Scanner Seismic Detector Small Laser Assault Rifle Grenade Launcher [Rating: 19] Favorites ----------- Power Light Angular Momentum Engine Engine Light Angular Momentum Engine Propulsion Aluminum Leg Leg Aluminum Leg Utility Sensor Array Device Sensor Array Storage Medium Storage Unit Weapon Assault Rifle Energy Gun Small Laser Energy Cannon Guided Plasma Cannon Ballistic Gun Assault Rifle Launcher Grenade Launcher Special Weapon Mining Laser Build | -11 -10 -10 -10 -9 ------- Run | Yrd Mat Min Exi Min Slots Evolved . | . . . . . Power . | . . . . . Propulsion . | . . . . . Utility . | . . . . . Weapon . | . . . . . Parts Attached 19 | 7 1 9 1 1 Power 2 | 1 . 1 . . Engine 2 | 1 . 1 . . Core . | . . . . . Reactor . | . . . . . Propulsion 3 | 2 . 1 . . Treads . | . . . . . Leg 3 | 2 . 1 . . Wheel . | . . . . . Hover . | . . . . . Flight . | . . . . . Utility 5 | 2 1 2 . . Device 3 | 1 1 1 . . Storage 2 | 1 . 1 . . Processor . | . . . . . Hackware . | . . . . . Protection . | . . . . . Artifact . | . . . . . Weapon 9 | 2 . 5 1 1 Energy Gun 1 | 1 . . . . Energy Cannon 1 | . . . 1 . Ballistic Gun 3 | 1 . 2 . . Ballistic Cannon . | . . . . . Launcher 3 | . . 2 . 1 Special Weapon 1 | . . 1 . . Impact Weapon . | . . . . . Slashing Weapon . | . . . . . Piercing Weapon . | . . . . . Special Melee Weapon . | . . . . . Unidentified Prototypes . | . . . . . Parts Lost 5 | . . . . 5 Power 1 | . . . . 1 Propulsion 2 | . . . . 2 Utility 1 | . . . . 1 Weapon 1 | . . . . 1 Highest Loss Streak 5 | . . . . 5 To Critical Strikes . | . . . . . Average Slot Usage (%) 99 | . 100 99 100 80 Engine 13 | . 14 14 14 4 Leg 27 | . 28 28 28 18 Device 13 | . 14 13 14 14 Storage 14 | . 14 14 14 14 Energy Gun 2 | . 14 3 . . Energy Cannon 4 | . . . 9 14 Ballistic Gun 15 | . 14 17 14 4 Launcher 3 | . . 5 . 9 Special Weapon 2 | . . 1 4 . Naked Turns . | . . . . . Heaviest Build 32 | 13 13 25 32 32 Greatest Support 20 | 20 20 20 20 20 Greatest Overweight (x) 6 | 2 . 1 1 6 Average Overweight (x) . | . . . 1 2 Largest Inventory Capacity 10 | 8 8 10 10 10 Average Capacity 9 | 7 8 9 10 10 Most Carried 10 | 6 8 10 10 10 Average Carried 8 | 2 7 8 10 10 Final Capacity 10 | 8 8 10 10 10 Final Carried 10 | 6 8 10 10 10 Class Distribution -------------------- 97% | Mutant Dominant Class ---------------- Mutant | -10/Materials Mutant | -10/Mines Mutant | -10/Exiles Skirmisher | -9/Mines Resources | -11 -10 -10 -10 -9 ----------- Run | Yrd Mat Min Exi Min Matter Collected 439 | 254 . 185 . . Remotely . | . . . . . Salvage Created 208 | 35 . 144 . 29 Parts 18 | 9 . 9 . . Haulers Intercepted . | . . . . . Recyclers Shooed . | . . . . . Parts Field Recycled . | . . . . . Retrieved Matter . | . . . . . Parts Self-Destructed . | . . . . . Prevented . | . . . . . Kills | -11 -10 -10 -10 -9 ------- Run | Yrd Mat Min Exi Min Combat Hostiles Destroyed 17 | . . 8 . 9 Guns 3 | . . 3 . . AOE 14 | . . 5 . 9 Classes Destroyed 4 | 1 . 2 . 1 Tunneler 2 | 2 . . . . Swarmer 5 | . . 5 . . Grunt 3 | . . 3 . . Assembled 9 | . . . . 9 Best Kill Streak 9 | 2 . 3 . 9 Combat Bots Only 9 | . . 3 . 9 Max Kills in Single Turn 4 | 1 . 2 . 4 Gunslinging 1 | . . 1 . . Exploded 4 | . . 2 . 4 Melee . | . . . . . Uniques/NPCs Destroyed . | . . . . . Combat | -11 -10 -10 -10 -9 -------- Run | Yrd Mat Min Exi Min Hostile Shots Fired 60 | . . 24 . 36 Missed 15 | . . 9 . 6 Damage Taken 797 | . . 192 . 605 Core 252 | . . 46 . 206 Absorbed by Shields . | . . . . . Core Remaining (%) 100 | 100 . . . . Volleys Fired 35 | 5 2 24 . 4 Largest 2 | 2 2 2 . 1 Hottest 100 | 60 60 100 . 30 Shots Fired 52 | 10 4 34 . 4 Gun 32 | 10 4 18 . . Cannon . | . . . . . Launcher 9 | . . 5 . 4 Special 11 | . . 11 . . Kinetic 23 | 5 2 16 . . Thermal 20 | 5 2 13 . . Explosive 9 | . . 5 . 4 Electromagnetic . | . . . . . Robot Hit Streak 4 | 1 1 4 . 1 Robot Miss Streak 4 | 1 2 4 . 3 Penetration Max . | . . . . . Secondary Targets 1 | . . 1 . . Max Gunslinging Chain 1 | . . 1 . . Shots Hit Robots 18 | 5 1 11 . 1 Core Hits 39 | 3 . 13 . 23 Critical Kills . | . . . . . Critical Parts Destroyed . | . . . . . Critical Strikes . | . . . . . Melee Attacks . | . . . . . Impact . | . . . . . Slashing . | . . . . . Piercing . | . . . . . Sneak Attacks . | . . . . . Combat Hostiles . | . . . . . Follow-up Attacks . | . . . . . Damage Inflicted 1046 | 44 11 472 . 519 Guns 161 | 44 11 106 . . Cannons . | . . . . . Explosions 862 | . . 343 . 519 Melee . | . . . . . Ramming 23 | . . 23 . . Kinetic 140 | 44 . 96 . . Thermal 21 | . 11 10 . . Explosive 862 | . . 343 . 519 Electromagnetic . | . . . . . Impact . | . . . . . Slashing . | . . . . . Piercing . | . . . . . Highest Corruption 8 | . . . . 8 Average Corruption 5 | . . . . 5 Corruption Purged . | . . . . . Corruption Blocked . | . . . . . Effects 2 | . . . . 2 Energy Discharges 1 | . . . . 1 Alerts 1 | . . . . 1 Overload Shots . | . . . . . Overflow Damage 1 | . . 1 . . Projectiles . | . . . . . Explosions 1 | . . 1 . . Melee . | . . . . . Knockbacks . | . . . . . Impact . | . . . . . Kinetic . | . . . . . Secondary . | . . . . . Self-Inflicted Damage 87 | . . 38 . 49 Shots 3 | . . 1 . 2 Rammed . | . . . . . Targets Rammed 4 | . . 4 . . Kicked 4 | . . 4 . . Crushed . | . . . . . Highest Temperature 56 | 40 20 56 . 20 Average Temperature 18 | 17 15 18 . 13 Received Heat Transfer 91 | . . 51 . 40 Siege Activations . | . . . . . Robots Corrupted . | . . . . . Combat Hostiles . | . . . . . Parts Fried . | . . . . . Impact Corruptions . | . . . . . Robots Melted . | . . . . . Combat Hostiles . | . . . . . Parts Melted . | . . . . . Heat Transferred 50 | . 25 25 . . Parts Sabotaged . | . . . . . Parts Stolen . | . . . . . Parts Stripped . | . . . . . Power Chain Reactions . | . . . . . Alert | -11 -10 -10 -10 -9 ------- Run | Yrd Mat Min Exi Min Peak Influence 181 | 10 44 181 . 12 Initial 16 | . 6 16 . . Average 56 | 3 21 71 . 5 Maximum Alert Level . | . . . . . Low Security (%) 100 | 100 100 100 . 100 Level 1 . | . . . . . Level 2 . | . . . . . Level 3 . | . . . . . Level 4 . | . . . . . Level 5 . | . . . . . High Security . | . . . . . Max Security . | . . . . . Squads Dispatched 2 | . 2 . . . Investigation . | . . . . . Extermination . | . . . . . Reinforcement 2 | . 2 . . . Assault . | . . . . . Garrison . | . . . . . Intercept . | . . . . . Searches Triggered . | . . . . . Construction Impeded . | . . . . . Haulers Reinforced . | . . . . . Active Scanning Responses . | . . . . . Cargo Convoy Interrupts . | . . . . . Stealth | -11 -10 -10 -10 -9 --------- Run | Yrd Mat Min Exi Min Distress Signals 1 | . 1 . . . Communications Jammed . | . . . . . Distress Signals . | . . . . . Times Spotted 36 | . 2 12 . 22 Peak Tracking Total 20 | . 1 3 . 20 Tactical Retreats 3 | . . 2 . 1 Traps | -11 -10 -10 -10 -9 ------- Run | Yrd Mat Min Exi Min Traps Triggered . | . . . . . Indirectly . | . . . . . Trap Hack Attempts . | . . . . . Triggered . | . . . . . Disarmed . | . . . . . Reprogrammed . | . . . . . Reused . | . . . . . Traps Extracted . | . . . . . Installed . | . . . . . Triggered . | . . . . . Machines | -11 -10 -10 -10 -9 ---------- Run | Yrd Mat Min Exi Min Machines Disabled . | . . . . . Max in Single Turn . | . . . . . Machines Repaired . | . . . . . Machines Dismantled . | . . . . . Machines Sabotaged . | . . . . . Overloaded Fab Kills . | . . . . . Hacking | -11 -10 -10 -10 -9 --------- Run | Yrd Mat Min Exi Min Machines Accessed 6 | . 3 2 1 . Terminals 3 | . 2 1 . . Fabricators . | . . . . . Repair Stations . | . . . . . Recycling Units 1 | . 1 . . . Scanalyzers . | . . . . . Garrison Access . | . . . . . Total Hacks 11 | . 7 3 1 . Successful 7 | . 5 1 1 . Failed 4 | . 2 2 . . Catastrophic 1 | . . 1 . . Database Lockouts . | . . . . . Manual 11 | . 8 2 1 . Terminals 7 | . 5 2 . . Fabricators . | . . . . . Repair Stations . | . . . . . Recycling Units 2 | . 2 . . . Scanalyzers . | . . . . . Garrison Access . | . . . . . Terminal Hacks 2 | . . 1 1 . Open Door 1 | . . 1 . . Derelict Proto ID Bank 1 | . . . 1 . Fabricator Hacks . | . . . . . Repair Station Hacks . | . . . . . Recycling Unit Hacks 1 | . 1 . . . Report Inventory 1 | . 1 . . . Scanalyzer . | . . . . . Garrison Access Hacks . | . . . . . Unauthorized Hacks 4 | . 4 . . . Terminals 3 | . 3 . . . Track 1 | . 1 . . . Botnet 2 | . 2 . . . Fabricators . | . . . . . Repair Stations . | . . . . . Recycling Units 1 | . 1 . . . Recyclers 1 | . 1 . . . Scanalyzers . | . . . . . Garrison Access . | . . . . . Data Cores Recovered . | . . . . . Used . | . . . . . Hacking Detections 3 | . 2 1 . . Full Trace Events . | . . . . . Feedback Events . | . . . . . Feedback Blocked . | . . . . . Robot Schematics Acquired . | . . . . . Robots Built . | . . . . . Authchips . | . . . . . Time . | . . . . . Total Robot Build Rating . | . . . . . Part Schematics Acquired . | . . . . . Parts Built . | . . . . . Authchips . | . . . . . Time . | . . . . . Total Part Build Rating . | . . . . . Parts Repaired . | . . . . . Time . | . . . . . Parts Recycled . | . . . . . Recycled Matter . | . . . . . Retrieved Matter . | . . . . . Retrieved Components . | . . . . . Parts Scanalyzed . | . . . . . Part Schematics Acquired . | . . . . . Parts Damaged . | . . . . . Bothacking | -11 -10 -10 -10 -9 ------------ Run | Yrd Mat Min Exi Min Used RIF Installer . | . . . . . Robots Hacked . | . . . . . Non-combat . | . . . . . Combat . | . . . . . Robot Hacks Applied . | . . . . . Relay Couplers Released . | . . . . . Fabnet Peak Effective % . | . . . . . Robots Rewired . | . . . . . Allies Hacked . | . . . . . Hacks Repelled . | . . . . . Allies | -11 -10 -10 -10 -9 -------- Run | Yrd Mat Min Exi Min Total Allies 3 | . . 3 . . Largest Group 2 | . . 2 . . Highest-Rated Group 45 | . . 45 . . Highest-Rated Ally 31 | . . 31 . . Total Orders . | . . . . . Ally Attacks 11 | . . 11 . . Total Damage 104 | . . 104 . . Kills 2 | . . 2 . . Allies Corrupted . | . . . . . Allies Melted . | . . . . . Intel | -11 -10 -10 -10 -9 ------- Run | Yrd Mat Min Exi Min Robot Analysis Total . | . . . . . Derelict Logs Recovered 2 | . . 2 . . Drone Launches . | . . . . . Drone Recoveries . | . . . . . Exploration | -11 -10 -10 -10 -9 ------------- Run | Yrd Mat Min Exi Min Turns Passed 1742 | 112 133 799 673 25 Spaces Moved 935 | 62 92 420 354 7 Core 7 | 6 . . . 1 Treads . | . . . . . Legs 928 | 56 92 420 354 6 Wheels . | . . . . . Hover . | . . . . . Flight . | . . . . . Fastest Speed 50 | 50 120 120 190 190 Average Speed 164 | 123 120 156 190 262 Slowest Speed 350 | 190 120 190 190 350 Overloaded Moves . | . . . . . Propulsion Burnouts . | . . . . . Robots Hopped . | . . . . . Cave-ins Triggered . | . . . . . Exploration Rate (%) 35 | 4 24 81 61 8 Regions Visited 4 Branch Regions 3 Pre-discovered Areas 1 | . . 1 . . Known Exits Taken . | . . . . . Unknown Exits Taken 4 | 1 1 1 1 . Scrap Searched 1 | . . 1 . . Spaces Dug . | . . . . . Terrain Destroyed 60 | . . 35 . 25 Melee . | . . . . . Projectile 3 | . . 3 . . AOE 57 | . . 32 . 25 Terrain Rammed . | . . . . . Walls Destroyed . | . . . . . Machines Disabled . | . . . . . Actions | -11 -10 -10 -10 -9 --------- Run | Yrd Mat Min Exi Min Total 1067 | 85 110 505 355 12 Wait 59 | 4 14 41 . . Move 931 | 61 91 419 353 7 Hop . | . . . . . Pick Up 12 | 7 2 3 . . Fast Attach 9 | 7 . 1 1 . Attach 1 | . . 1 . . Detach 1 | . . 1 . . Swap 9 | . 1 7 . 1 Drop 6 | 1 . 4 1 . Fire 35 | 5 2 24 . 4 Melee . | . . . . . Ram . | . . . . . Kick 4 | . . 4 . . Crush . | . . . . . Escape Stasis . | . . . . . Rewire . | . . . . . Trap . | . . . . . Miscellaneous . | . . . . . Route ------- -11/Scrapyard -10/Materials -10/Mines (discovered 3 exits: [*Mat x2] / *Exi) -10/Exiles (discovered 2 exits: [*Min x2]) -9/Mines History --------- Turn | Location | Event 6 | -11/Scrapyard | Discovered new exit (range 16) 113 | -11/Scrapyard | Entered Materials 230 | -10/Materials | Discovered new exit (range 12) 246 | -10/Materials | Entered Mines 285 | -10/Mines | Discovered new exit (range 16) 309 | -10/Mines | Build established: Mutant 511 | -10/Mines | Learned location of Zion (-7) 519 | -10/Mines | Found the Drone Emporium 596 | -10/Mines | Discovered new exit (range 8) 934 | -10/Mines | Received a Mining Laser from a helpful Derelict 970 | -10/Mines | Excavation squad dispatched 970 | -10/Mines | A large section of the Mines collapsed 1030 | -10/Mines | Deemed a non-threat by the Exiles lab entrance 1036 | -10/Mines | Discovered new exit (range 5) 1045 | -10/Mines | Entered Exiles 1097 | -10/Exiles | Met 8R-AWN 1125 | -10/Exiles | Met EX-HEX 1180 | -10/Exiles | Met EX-BIN 1201 | -10/Exiles | Aligned with FarCom system 1203 | -10/Exiles | Given EX-Vault access code 1247 | -10/Exiles | Opened EX-Vault 1263 | -10/Exiles | Found Gui. Plasma Cannon 1306 | -10/Exiles | Warned to stay clear of 0b10 Research branches 1361 | -10/Exiles | Met EX-DEC 1471 | -10/Exiles | Discovered new exit (range 14) 1697 | -10/Exiles | Discovered new exit (range 14) 1718 | -10/Exiles | Left Exiles lab with Gui. Plasma Cannon 1718 | -10/Exiles | Entered Mines 1719 | -9/Mines | Assembled infested the area 1723 | -9/Mines | Core integrity fell below 50% 1742 | -9/Mines | Core integrity fell below 20% 1743 | -9/Mines | Received a Rocket Launcher from a helpful Derelict 1743 | -9/Mines | Destroyed by D-53 Grenadier with Mini Grenade Launcher Last Messages --------------- 01738_ X0-H3W(g) reactivates. 01739_ System corrupted: IFF burst signal emitted. 01739_ X0-H3W(g): "They are crazy." 01740_ X0-H3W(g): "Everyone knows a good old rocket launcher goes a long way." 01741_ X0-H3W(g): "Need to get rid of a swarm? Done. Need a big hole in the wall? Done." 01741_ Sensor Array destroyed. 01741_ Grenade Launcher destroyed. 01742_ X0-H3W(g): "Need a small hole in the wall? Leave that to the mining laser wimps, I say!" 01742_ Aluminum Leg destroyed. 01742_ System corrupted by crushing effect (+3). 01743_ X0-H3W(g): "Would you like a rocket launcher? I know I would if I were you, so I'm going to lend you mine." 01743_ X0-H3W(g) slips back into the shadows. 01743_ as-37083 destroyed. Map ----- +----------------------------------------------------+ | ???????????????????????????????????????? | | ???????????????????????????????????????? | | ???????????????????????????????????????? | | ???????????????????????????????????????? | | ???????????????????????????????????????? | | ???????????????????????????????????????? | | ???????????????????????????????????????? | | ???????????????????????????????????????? | | ???????????????????????????????????????? | | ???????????????????????????????????????? | | ????????????????????????????? ??????? | | ??????????????????????????? ??????? | | ???????????????????????? ? #?????? | | ????????????????????????? #?????? | | ????????????????????????? #?????? | | ?????????????????????????? ##????? | | ?????????????????????????? #????? | | ??????????????????????????# " ?????? | | ??????????????????????????# # #?????? | | ??????????????????????????# #?????? | | ?????????????????????????## #?????? | | ??????????????????????#### ##????? | | ??????????????????????? # #????? | | ??????????????????????## # #????? | | ??????????????????????# dd%% #????? | | ?????????????????????## @ ] ##???? | | ?????????????????????# #???? | | ?????????????????????# a #???? | | ????????????????????# ##???? | | ?????????????????? #????? | | ??????????????? ## ### #????? | | ??????????????## ?###?# #????? | | ???????????????## ?????## ##????? | | ????????????????# #??????####?????? | | ????????????????## #????????????????? | | ?????????????????## #?????????????????? | | ??????????????????###??????????????????? | | ???????????????????????????????????????? | | | | | | | | | | | | | | | | | | | | | | | | | +----------------------------------------------------+ Best States ------------- Heat Dissipation 25 Energy Generation 18 Energy Capacity 250 Matter Stores 300 Matter Capacity 300 Sight Range 16 Robot Scan Range 14 Terrain Scan Density 10 Evasion (%) 55 Item Schematics ----------------- None Robot Schematics ------------------ None Fabricated ------------ Nothing Alien Tech Used ----------------- None Achievements -------------- None Challenges ------------ None Game ------ Seed Static Manual? 1 Play Time 00:13:00 Cumulative 18.4 hours Start 2024.04.08 @ 16:15:01 End 2024.04.08 @ 16:27:32 Sessions 1 Manual Loads 0 Difficulty Rogue Special Mode None Game No. 16 Rogue 16 Adventurer 0 Explorer 0 Win Type - Total 0 Types 0/0/0/0/0/0/0/0/0 Lore% 18 Gallery% 25 Achievement% 24 Wizard Run 0 Options --------- Layout 1 ASCII 0 Keyboard 0 Movement Mouse Keybinds 1 Fullscreen 2 Font 24/Smallcaps Map View 50x35 Zoom Use 0% Tactical HUD 1 Map Filters NONE Filters NONE Steam 1 RUN: 938cadcb-7b84-45de-a8b4-1c9ba932f086